 Dungeon Crawl Stone Soup version 0.30-a0-596-g0af90f9a20 (webtiles) character file.

Game seed: 5771240505932193799

88 pokeman the Magician (level 4, -2/25 HPs)
             Began as a Deep Elf Hedge Wizard on Jan 7, 2023.
             Killed by nerve-wracking pain
             ... invoked by Grinder
              (6 damage)
             ... on level 2 of the Dungeon.
             The game lasted 00:05:35 (2862 turns).

pokeman the Magician (Deep Elf Hedge Wizard)        Turns: 2862, Time: 00:05:36

Health: -2/25      AC:  3    Str:  7    XL:     4   Next: 30%
Magic:  5/13       EV: 12    Int: 21    God:
Gold:   71         SH:  0    Dex: 14    Spells: 5/14 levels left

rFire   . . .      SeeInvis .    a - +0 dagger
rCold   . . .      Faith    .    (no shield)
rNeg    . . .      Spirit   .    b - +0 robe
rPois   .          Reflect  .    c - +0 hat
rElec   .          Harm     .    f - +0 cloak
rCorr   .          Rampage  .    (no gloves)
Will    .....                    (no boots)
Stlth   ++                       (no amulet)
HPRegen 0.24/turn                (no ring)
MPRegen 0.13/turn                (no ring)

@: no status effects
A: no striking features
a: no special abilities


You were on level 2 of the Dungeon.
You visited 1 branch of the dungeon, and saw 3 of its levels.

You collected 71 gold pieces.

Inventory:

Hand Weapons
 a - a +0 dagger (weapon)
Armour
 b - a +0 robe (worn)
 c - a +0 hat (worn)
 f - a +0 cloak (worn)
Scrolls
 e - a scroll of immolation {unknown}
 h - 2 scrolls of magic mapping {unknown}
 i - a scroll of poison {unknown}
 j - 2 scrolls of identify {unknown}
 k - 2 scrolls of fear {unknown}
Potions
 d - 2 potions of magic
 g - a potion of brilliance {unknown}
 l - a potion of mutation {unknown}
 m - a potion of ambrosia {unknown}
 n - 2 potions of curing {unknown}


   Skills:
 - Level 1.0 Fighting
 - Level 1.0 Armour
 + Level 2.7 Dodging
 + Level 2.7 Stealth
 * Level 5.6 Spellcasting
 + Level 2.2 Conjurations
 - Level 1.1 Summonings
 - Level 1.1 Translocations


You had 5 spell levels left.
You knew the following spells:

 Your Spells              Type           Power      Damage    Failure   Level
a - Magic Dart            Conj           60%        1d6       4%          1
b - Mephitic Cloud        Conj/Pois/Air  9%         N/A       22%         3
c - Call Imp              Summ           10%        N/A       10%         2
d - Blink                 Tloc           20%        N/A       10%         2
e - Shock                 Conj/Air       40%        1d5       6%          1

Your spell library contained the following spells:

 Spells                   Type           Power      Damage    Failure   Level
 Static Discharge         Conj/Air       20%        2-3/arc   10%         2
 Slow                     Hex            20%        N/A       11%         1
 Cigotuvi's Dreadful Rot  Necr/Pois/Air  10%        N/A       16%         2
 Vhi's Electric Charge    Tloc/Air       16%        N/A       24%         3
 Swiftness                Air            5%         N/A       30%         3
 Airstrike                Air            2%         2d(1-17)  71%         4
 Arcjolt                  Conj/Air       5%         1d15      87%         5
 Lightning Bolt           Conj/Air       5%         1d17      87%         5


Dungeon Overview and Level Annotations

Branches:
Dungeon (3/15)

Altars:

Shops:
D:1 (

Annotations:
D:2 Grinder


Message History

Aim: Grinder (heavily wounded, 64% to hit)
The zap hits Grinder.
Grinder is heavily wounded.
Grinder hits you.
You writhe in agony.
Casting: Shock (safe; 6% risk of failure)
Confirm with . or Enter, or press ? or * to list all spells.
Aiming: Shock (safe; 6% risk of failure)
Press: ? - help, Shift-Dir - straight line, f/p - Grinder
Aim: Grinder (heavily wounded, 64% to hit)
The zap misses Grinder.
Grinder gestures at you. Pain shoots through your body!
* * * LOW HITPOINT WARNING * * *
Casting: Shock (safe; 6% risk of failure)
Confirm with . or Enter, or press ? or * to list all spells.
You blink.
Grinder hits you but does no damage.
Unknown command.
Grinder attacks as you move away! Grinder barely misses you.
Grinder attacks as you move away! Grinder closely misses you.
Grinder gestures at you.
You barely resist.
You feel stable enough to blink again.
Casting: Blink (safe; 10% risk of failure)
Confirm with . or Enter, or press ? or * to list all spells.
A beastly little devil appears in a puff of frigid air.
Grinder blinks!
What are your orders? t - Shout!
Orders for allies: a - Attack new target. p - Attack previous target. r - Retreat! s - Stop attacking. g - Guard the area. f - Follow me.
Anything else - Cancel.
Gang up on whom?
Press: ? - help, Dir - move target, f/p - Grinder
Aim: Grinder (heavily wounded, ally target) Attack!
Your white imp closely misses Grinder.
Your white imp barely misses Grinder.
Grinder gestures at you. Pain shoots through your body!
You die...

#.......##..).....#####..#######
#.......'.5.......<# #..##
.......5##.).......###.#####
.......<####.#.#.#.........#
..#.#.#.####.#.#.#..######.#
..#.#.#..5...#.#...## #.#
..#.....######.#..## #.#
....#..........#..# #.######
..#.#...########@.# #.#....#
..#.#............## #.#.##.#
....#..####....##### #####.#.##)#
....#........55....# #.....#.##.#
..#.#...##.........###.#####.##.#
###.#...#...(........#.#...#.##.#
#..........#.......#.#.#.#.#.##.#
#.#.##>.##.#...........#<#.#.##.#
#.#.###.##.#.......#.#####.#.##.#


You could see Grinder (ally target) and a friendly white imp (summoned).

Vanquished Creatures
  Terence (D:2)
  An adder (D:2)
  2 worms (D:2)
  2 dart slugs (D:1)
  6 ball pythons
  6 bats
  4 endoplasms
  2 giant cockroaches (D:2)
  3 goblins
  2 hobgoblins (D:1)
  2 quokkas (D:1)
  4 frilled lizards
  6 kobolds
  5 rats
46 creatures vanquished.

Notes
Turn   | Place    | Note
-------+----------+-------------------------------------------
     0 | D:1      | pokeman the Deep Elf Hedge Wizard began the quest for the
                  | Orb.
     0 | D:1      | Reached XP level 1. HP: 10/10 MP: 7/7
   177 | D:1      | Reached XP level 2. HP: 5/16 MP: 2/9
   544 | D:1      | Found Aruosico's Weapon Shoppe.
   720 | D:1      | Reached skill level 5 in Spellcasting
  1026 | D:1      | Reached XP level 3. HP: 20/20 MP: 7/11
  1030 | D:1      | Learned a level 3 spell: Mephitic Cloud
  1033 | D:1      | Learned a level 2 spell: Call Imp
  1036 | D:1      | Learned a level 2 spell: Blink
  1459 | D:2      | Reached skill level 1 in Armour
  1551 | D:2      | Reached skill level 1 in Fighting
  1578 | D:2      | Learned a level 1 spell: Shock
  1578 | D:2      | Noticed Terence
  1646 | D:2      | HP: 1/20 [Terence/+0 trident (7)]
  1647 | D:2      | Killed Terence
  1648 | D:2      | Reached XP level 4. HP: 2/25 MP: 6/13
  2625 | D:3      | Noticed Grinder
  2628 | D:3      | Paralysed by Grinder for 3 turns
  2833 | D:2      | Paralysed by Grinder for 4 turns
  2862 | D:2      | Killed from afar by Grinder

Illustrated notes

Levels and vault maps discovered:
D:1:      giann_horns, layout_basic, serial_shops,
          nicolae_shop_bloodbath_and_beyond, minmay_pentomino_q4
D:2:      layout_basic, uniq_terence
D:3:      kennysheep_the_goblin_king, layout_rooms, serial_shops, shop,
          uniq_robin, uniq_grinder

Skill      XL: |  1  2  3 |
---------------+----------+-----
Spellcasting   | 5 |  5.6
Armour         | 1 |  1.0
Conjurations   | 2 |  2.2
Fighting       | 1 |  1.0
Dodging        | |  2.7
Stealth        | |  2.7
Summonings     | |  1.1
Translocations | |  1.1

Action                   |  1- 3 |  4- 6 || total
-------------------------+-------+-------++-------
Melee: Dagger            |    10 |       ||    10
       Punch             |     1 |       ||     1
 Cast: Magic Dart        |    86 |     4 ||    90
       Shock             |     4 |    41 ||    45
       Call Imp          |     3 |     4 ||     7
       Blink             |       |     2 ||     2
Armor: Robe              |     8 |     1 ||     9
Dodge: Dodged            |    15 |     5 ||    20

Table legend: (Time is in decaauts)
 A = Elapsed time spent in this place.
 B = Non-inter-level travel time spent in this place.
 C = Inter-level travel time spent in this place.
 D = Time resting spent in this place.
 E = Time spent auto-exploring this place.
 F = Levels seen in this place.
 G = Mean time per level.
                   A        B        C        D        E       F      G
               +--------+--------+--------+--------+--------+-----+--------+
         Total |   2864 |   2767 |     97 |    160 |   2177 |   3 |  954.7 |
       Dungeon |   2864 |   2767 |     97 |    160 |   2177 |   3 |  954.7 |
               +--------+--------+--------+--------+--------+-----+--------+

Top non-repeatable levels by time:
     D:2: 1613 daAuts
     D:1: 1244 daAuts
     D:3: 6 daAuts
